Map: 카탈리스트 - 래더

Players

Zest - Winner!

  • Race: Protoss Protoss
  • League: Master
  • Spawn Location: 11:00

MMA

  • Race: Terran Terran
  • Spawn Location: 5:00

Event: HomeStory Cup XVII

VOD

Have the link to the VOD?

Description

Time

  • Played on: June 30, 2018, 6:27 a.m.
  • Length: 8:24

All games in this series

Show
View Real Time Build Order
Export as new Build Order

Zest Protoss - Winner!

Build Orders: 1 Gate Expand, Blink Stalkers 

Get SALT Encoding   

  12  0:00  Probe  
  13  0:12  Probe  
  14  0:17  Pylon  
  14  0:24  Probe  
  15  0:32  Probe  
  15  0:37  Gateway  
  15  0:40  Probe  
  16  0:46  Assimilator  
  17  0:51  Probe  
  18  1:03  Probe  
  19  1:15  Probe  
  20  1:22  Nexus  
  20  1:32  Cybernetics Core  
  20  1:36  Probe  
  21  1:41  Assimilator  
  21  1:48  Probe  
  21  1:52  Pylon  
  22  2:00  Probe, Stalker  
  23  2:09  Warp Gate  
  23  2:12  Probe  
  26  2:22  Twilight Council  
  26  2:24  Probe  
  27  2:33  Probe, Stalker  
  27  2:35  Probe  
  30  2:37  Blink  
  30  2:41  Probe  
  30  2:43  Probe  
  31  2:50  Probe  
  33  2:53  Probe  
  35  3:11  Gateway  
  35  3:12  Gateway  
  35  3:16  Stalker  
  35  3:19  Probe  
  38  3:20  Probe  
  39  3:27  Shield Battery  
  39  3:35  Probe  
  39  3:36  Probe  
  41  3:42  Robotics Facility  
  41  3:47  Probe  
  41  3:48  Probe  
  43  3:51  Pylon  
  43  3:59  Probe  
  43  4:00  Probe  
  45  4:06  Nexus  
  45  4:17  Stalker x2  
  45  4:23  Probe x2  
  43  4:29  Stalker  
  41  4:31  Observer  
  41  4:38  Probe  
  42  4:40  Stalker x2  
  42  4:42  Probe  
  48  4:46  Probe  
  48  4:50  Assimilator  
  47  4:54  Probe  
  47  4:56  Probe  
  47  4:58  Warp Prism  
  49  5:06  Probe  
  50  5:08  Probe  
  50  5:12  Dark Shrine  
  53  5:18  Probe  
  53  5:20  Probe  
  55  5:24  Probe  
  54  5:39  Probe  
  54  5:40  Zealot  
  54  5:41  Stalker x2  
  61  5:48  Probe  
  60  5:56  Probe x2  
  62  5:58  Immortal  
  64  6:06  Probe  
  64  6:08  Probe  
  64  6:09  Stalker  
  68  6:11  Probe  
  68  6:14  Charge, Pylon x2  
  69  6:20  Gateway  
  69  6:21  Gateway  
  69  6:23  Gateway  
  69  6:24  Gateway  
  69  6:32  Probe x3  
  72  6:41  Sentry x3  
  72  6:44  Probe  
  72  6:46  Gateway  
  79  6:47  Forge  
  79  6:48  Probe x2  
  79  6:50  Forge  
  81  6:58  Probe  
  81  7:00  Probe x2  
  84  7:02  Pylon  
  84  7:03  Pylon  
  84  7:07  Pylon  
  84  7:17  Immortal, Probe, Pylon  
  84  7:20  Probe x2  
  91  7:35  Stalker x6  
  101  7:47  Stalker  
  103  7:59  Stalker  
  103  8:01  Zealot x5  
  85  8:21  Zealot x4  
Show
View Real Time Build Order
Export as new Build Order

MMA Terran 

Build Orders: Gas First Reaper Expand, Reaper Expand, MMM Bio 

Get SALT Encoding   

  12  0:00  SCV  
  13  0:12  SCV  
  14  0:17  Supply Depot  
  14  0:25  SCV  
  14  0:28  Refinery  
  15  0:38  SCV  
  16  0:44  Barracks  
  16  0:50  SCV  
  17  1:02  SCV  
  18  1:14  SCV  
  19  1:30  Orbital Command  
  19  1:31  Reaper  
  20  1:49  Command Center  
  20  1:56  Factory  
  20  1:58  SCV  
  21  2:03  Refinery  
  21  2:06  Barracks Reactor  
  21  2:10  SCV  
  22  2:16  Supply Depot  
  22  2:23  SCV  
  23  2:38  SCV  
  24  2:46  Hellion x2  
  28  2:53  SCV  
  29  3:02  Orbital Command  
  29  3:07  Cyclone, SCV  
  29  3:08  Cyclone  
  29  3:11  Barracks Tech Lab  
  36  3:22  SCV  
  37  3:30  SCV  
  37  3:32  Supply Depot  
  38  3:34  SCV  
  38  3:37  Marine  
  38  3:39  Stimpack  
  39  3:42  SCV  
  39  3:43  Widow Mine  
  39  3:44  Widow Mine  
  39  3:46  SCV  
  45  3:48  Bunker  
  45  3:54  SCV  
  45  3:55  Marine  
  47  3:58  SCV  
  48  4:02  Barracks  
  48  4:05  Barracks  
  48  4:07  SCV  
  49  4:10  SCV  
  49  4:12  Widow Mine x2  
  49  4:14  Marine  
  52  4:20  SCV  
  52  4:23  SCV  
  50  4:32  Marine  
  50  4:33  Refinery, Engineering Bay  
  50  4:35  SCV x2  
  50  4:44  Factory Tech Lab  
  49  4:46  Supply Depot  
  49  4:49  Marine, SCV  
  49  4:50  SCV  
  50  5:01  SCV  
  50  5:02  SCV  
  50  5:03  Starport  
  50  5:04  Barracks Tech Lab, Siege Tank  
  50  5:05  Marine  
  50  5:06  Marine  
  53  5:10  Supply Depot  
  53  5:11  Terran Infantry Weapons Level 1  
  53  5:14  Supply Depot  
  53  5:15  Marauder  
  53  5:16  SCV x2  
  55  5:25  Marine  
  55  5:26  Marine, Marauder  
  55  5:28  SCV x2  
  54  5:37  Marauder  
  54  5:40  SCV x2  
  57  5:52  Missile Turret, SCV x2  
  55  6:01  Missile Turret  
  55  6:03  Marauder x2, Marine  
  55  6:04  SCV x2  
  55  6:08  Starport Reactor  
  55  6:09  Factory Reactor  
  55  6:10  Combat Shields  
  56  6:16  SCV x2  
  58  6:19  Marine  
  58  6:21  Marine  
  58  6:24  Marauder  
  62  6:26  Concussive Shells  
  62  6:28  Marauder  
  62  6:32  SCV x2  
  65  6:41  Marine x2  
  65  6:46  Marauder  
  69  6:48  Medivac x2  
  69  6:49  Marauder  
  69  6:50  Widow Mine  
  77  6:57  Supply Depot  
  77  6:58  Widow Mine, Supply Depot  
  77  7:00  Marine x2  
  81  7:07  Supply Depot  
  81  7:10  SCV x2  
  83  7:18  Medivac  
  83  7:19  Medivac, Marauder  
  83  7:22  Marauder  
  91  7:25  Marine x2  
  91  7:28  SCV  
  91  7:29  SCV  
  95  7:32  Supply Depot  
  90  7:40  Marauder  
  90  7:41  SCV x2  
  90  7:43  Marine x2  
  90  7:44  Marauder  
  90  7:48  Widow Mine  
  83  7:51  Widow Mine  
  83  7:58  SCV x2  
  81  8:00  Marine  
  81  8:01  Marine  
Tags
 
Add a new tag
Caveats
  • Supply blocks, unpowered buildings, or Contaminate may cause inaccurate times.
  • Supply counts are checked every 10 seconds.